 Dungeon Crawl Stone Soup version 0.32-a0-135-g14f8b2e1af (webtiles) character file.

Game seed: 12395111546704751149

42 MemoryDeluge the Sneak (level 3, -1/16 HPs)
             Began as a Spriggan Enchanter on Feb 10, 2024.
             Slain by Crazy Yiuf
             ... wielding a +2 quarterstaff of chaos
              (17 damage)
             ... on level 2 of the Dungeon.
             The game lasted 00:02:03 (1372 turns).

MemoryDeluge the Sneak (Spriggan Enchanter)         Turns: 1372, Time: 00:02:04

Health: -1/16      AC:  2    Str:  4    XL:     3   Next: 33%
Magic:  0/8        EV: 17    Int: 16    God:
Gold:   156        SH:  0    Dex: 17    Spells: 5/7 levels left

rFire   . . .        f - +1 short sword (vamp)
rCold   . . .        (no shield)
rNeg    . . .        b - +0 robe
rPois   .            (helmet restricted)
rElec   .            (no cloak)
rCorr   .            (gloves unavailable)
SInv    +            (boots unavailable)
Will    .....        (no amulet)
Stlth   +++          (no ring)
HPRegen 0.22/turn    (no ring)
MPRegen 0.11/turn

%: no passive effects
@: very quick
A: very small, no large weapons, unfitting armour, see invisible, speed 3
a: no special abilities


You were on level 2 of the Dungeon.
You visited 1 branch of the dungeon, and saw 2 of its levels.

You collected 156 gold pieces.

Inventory:

Hand Weapons
 a - a +1 dagger
 f - a +1 vampiric short sword (weapon)
Armour
 b - a +0 robe (worn)
Jewellery
 i - a +6 ring of strength
Scrolls
 g - a scroll of noise {unknown}
 j - a scroll of enchant weapon {unknown}
Potions
 c - 2 potions of invisibility
 d - a potion of enlightenment {unknown}
 e - 2 potions of lignification {unknown}
 h - 2 potions of magic {unknown}


   Skills:
 + Level 2.6 Short Blades
 - Level 2.6 Dodging
 + Level 5.7 Stealth
 - Level 2.6 Spellcasting
 - Level 3.6 Hexes


You had 5 spell levels left.
You knew the following spells:

 Your Spells              Type           Power      Damage    Failure   Level
e - Ensorcelled Hibernat  Hex/Ice        14%        N/A       14%         2

Your spell library contained the following spells:

 Spells                   Type           Power      Damage    Failure   Level
 Confusing Touch          Hex            13%        N/A       13%         3
 Tukima's Dance           Hex            13%        N/A       13%         3
 Dazzling Flash           Conj/Hex       14%        N/A       28%         3


Dungeon Overview and Level Annotations

Branches:
Dungeon (2/15)

Altars:

Annotations:
D:2 Crazy Yiuf


Innate Abilities, Weirdness & Mutations

You are very small and have problems with some larger weapons.
You are too small for most types of armour.
You have supernaturally acute eyesight. (SInv)
You cover ground extremely quickly. (Speed+++)


Message History

Confirm with . or Enter, or press ? or * to list all spells.
Aiming: Ensorcelled Hibernation (safe; 14% risk of failure)
Press: ? - help, Shift-Dir - straight line, f/p - Crazy Yiuf
Aim: Crazy Yiuf, wielding a +2 quarterstaff of chaos and wearing a +2 cloak (chance to affect: 50%)
You miscast Ensorcelled Hibernation.
You are very lightly contaminated with residual magic.
Nothing appears to happen.
Crazy Yiuf screams, "Rot!"
Casting: Ensorcelled Hibernation (safe; 14% risk of failure)
Confirm with . or Enter, or press ? or * to list all spells.
Aiming: Ensorcelled Hibernation (safe; 14% risk of failure)
Press: ? - help, Shift-Dir - straight line, f/p - Crazy Yiuf
Aim: Crazy Yiuf, wielding a +2 quarterstaff of chaos and wearing a +2 cloak (chance to affect: 50%) Crazy Yiuf resists with some effort.
Crazy Yiuf whimpers, "Iron shoe song!"
Casting: Ensorcelled Hibernation (safe; 14% risk of failure)
Confirm with . or Enter, or press ? or * to list all spells.
Okay, then.
Your magical contamination has completely faded away.
Crazy Yiuf is nearby!
Crazy Yiuf is nearby!
Unknown command.
Crazy Yiuf grits, "Powder light alas!"
Casting: Ensorcelled Hibernation (safe; 14% risk of failure)
Confirm with . or Enter, or press ? or * to list all spells.
Aiming: Ensorcelled Hibernation (safe; 14% risk of failure)
Press: ? - help, Shift-Dir - straight line, f/p - Crazy Yiuf
Aim: Crazy Yiuf, wielding a +2 quarterstaff of chaos and wearing a +2 cloak (chance to affect: 50%) Crazy Yiuf looks drowsy...
The helpless Crazy Yiuf fails to defend himself.
You puncture Crazy Yiuf!
You feel better.
Crazy Yiuf is severely wounded.
Crazy Yiuf closely misses you.
You barely miss Crazy Yiuf.
Crazy Yiuf is severely wounded.
You hit Crazy Yiuf.
Crazy Yiuf is severely wounded.
Crazy Yiuf hits you with a +2 quarterstaff of chaos!
Ouch! That really hurt!
You die...

+.##..#..#..#..'...#
##..##...##.##.###..#
#..#.##.†#..#..#..###
###..#.##†..##.###..#
#.....#.##..#..#..###
###..#..#.##...###..#
#..##.#..#.##..#..###
###..##.#..#.#####g.#
#..#####.#.@#.##..###
###..#..##.#.g#.##..#
#..###..†##.#..#..###
###..#..#..##.#.....#
#..###.##...##.#..###
###..#..#..#..##.#..#
#..###†##.##...##..##
#...'..#[.#).#..##.+
##.#################


You could see Crazy Yiuf.

Vanquished Creatures
  An adder (D:2)
  A ribbon worm (D:2)
  2 bats
  6 endoplasms
  3 giant cockroaches
  A goblin (D:2)
  4 hobgoblins
  2 quokkas
  2 ball pythons
  2 frilled lizards (D:1)
  A kobold (D:1)
  A rat (D:2)
26 creatures vanquished.

Notes
Turn   | Place    | Note
-------+----------+-------------------------------------------
     0 | D:1      | MemoryDeluge the Spriggan Enchanter began the quest for the
                  | Orb.
     0 | D:1      | Reached XP level 1. HP: 9/9 MP: 5/5
   279 | D:1      | Reached XP level 2. HP: 13/13 MP: 6/6
   282 | D:1      | Learned a level 2 spell: Ensorcelled Hibernation
   324 | D:1      | Reached skill level 5 in Stealth
  1084 | D:2      | Reached XP level 3. HP: 16/16 MP: 0/8
  1302 | D:2      | Found a runed translucent door.
  1303 | D:2      | Noticed Crazy Yiuf
  1304 | D:2      | Identified the +7 hammer of the Inviting Pill Bug {pain,
                  | Int+4}
  1372 | D:2      | Slain by Crazy Yiuf

Illustrated notes

Levels and vault maps discovered:
D:1:      psy_arrival_radial02, layout_basic
D:2:      minmay_razor_zed, layout_loops_ring, minmay_door_square,
          uniq_crazy_yiuf_cottage

Skill      XL: |  1  2 |
---------------+-------+-----
Stealth        | 5 |  5.7
Short Blades   | 2 |  2.6
Dodging        | |  2.6
Spellcasting   | |  2.6
Hexes          | |  3.6

Action                     || total
---------------------------++-------
  Melee: Dagger            ||     9
         Short sword       ||    44
   Cast: Ensorcelled Hiber ||    12
   Stab: Sleeping          ||    15
 Armour: Robe              ||    12
  Dodge: Dodged            ||    35

Table legend: (Time is in decaauts)
 A = Elapsed time spent in this place.
 B = Non-inter-level travel time spent in this place.
 C = Inter-level travel time spent in this place.
 D = Time resting spent in this place.
 E = Time spent auto-exploring this place.
 F = Levels seen in this place.
 G = Mean time per level.
                   A        B        C        D        E       F      G
               +--------+--------+--------+--------+--------+-----+--------+
         Total |    937 |    861 |     76 |      6 |    696 |   2 |  468.5 |
       Dungeon |    937 |    861 |     76 |      6 |    696 |   2 |  468.5 |
               +--------+--------+--------+--------+--------+-----+--------+

Top non-repeatable levels by time:
     D:1: 608 daAuts
     D:2: 328 daAuts
